Map: Dragon Scales LE

Players

Reynor - Winner!

  • Race: Zerg Zerg
  • League: Master
  • Spawn Location: 11:00

BabyMarine

  • Race: Terran Terran
  • Spawn Location: 5:00

Event: HomeStory Cup XXIII

VOD

Have the link to the VOD?

Description

Time

  • Played on: June 30, 2023, 8:27 a.m.
  • Length: 9:23

All games in this series

Show
View Real Time Build Order
Export as new Build Order

Reynor Zerg - Winner!

Build Orders: Pool First 

Get SALT Encoding   

  12  0:01  Drone  
  13  0:12  Overlord  
  13  0:16  Drone  
  14  0:30  Drone x2  
  14  0:34  Drone  
  17  0:43  Spawning Pool  
  17  0:47  Drone  
  17  1:08  Hatchery  
  17  1:10  Drone  
  17  1:14  Drone  
  18  1:24  Extractor  
  17  1:30  Queen, Zergling x4  
  21  1:38  Overlord  
  21  1:49  Drone  
  22  2:00  Drone  
  23  2:06  Queen  
  25  2:11  Drone  
  26  2:20  Drone  
  26  2:21  Drone  
  28  2:31  Drone  
  28  2:33  Drone  
  28  2:35  Metabolic Boost  
  30  2:40  Overlord  
  30  2:42  Drone x2  
  32  2:51  Drone  
  33  2:52  Drone  
  33  2:57  Extractor  
  33  2:58  Drone x2  
  34  2:59  Queen  
  34  3:03  Drone  
  39  3:15  Overlord  
  39  3:16  Hatchery  
  39  3:17  Drone  
  39  3:19  Queen  
  41  3:22  Drone  
  41  3:23  Drone  
  41  3:26  Drone  
  44  3:31  Overlord  
  44  3:32  Overlord  
  44  3:34  Drone  
  44  3:36  Drone  
  44  3:40  Queen  
  48  3:43  Drone  
  48  3:47  Drone  
  50  3:53  Drone  
  50  3:55  Queen  
  53  3:58  Drone  
  54  4:04  Overlord  
  54  4:06  Zergling x4  
  54  4:08  Zergling x4  
  58  4:15  Overlord  
  58  4:18  Drone  
  58  4:21  Queen  
  61  4:26  Overlord  
  61  4:27  Drone x3  
  61  4:29  Drone, Queen  
  67  4:32  Zergling x2  
  68  4:39  Zergling x4  
  68  4:43  Evolution Chamber  
  68  4:44  Drone  
  68  4:45  Evolution Chamber  
  69  4:48  Zergling x2  
  69  4:49  Drone, Queen  
  69  4:51  Spore Crawler  
  69  4:52  Spore Crawler  
  70  4:53  Drone x2  
  70  4:54  Zergling x2  
  70  4:57  Overlord  
  70  5:01  Drone x2  
  70  5:02  Drone  
  70  5:05  Overlord  
  72  5:07  Queen  
  72  5:10  Zergling x4  
  76  5:14  Zerg Ground Armor Level 1  
  76  5:16  Drone  
  77  5:22  Zerg Melee Weapons Level 1  
  77  5:25  Drone x2  
  77  5:27  Drone x3  
  77  5:28  Drone x2  
  84  5:33  Drone  
  85  5:38  Drone  
  85  5:39  Drone x2  
  85  5:40  Drone  
  85  5:41  Drone  
  87  5:43  Drone  
  87  5:44  Hatchery  
  87  5:46  Drone  
  87  5:49  Lair  
  88  5:50  Drone x2  
  88  5:52  Extractor, Drone  
  88  5:53  Drone  
  91  5:59  Baneling Nest  
  91  6:00  Drone x2  
  91  6:01  Drone x2  
  91  6:02  Overlord  
  94  6:04  Drone  
  94  6:06  Extractor  
  94  6:07  Overlord  
  94  6:08  Extractor  
  94  6:10  Zergling x2  
  94  6:13  Drone  
  94  6:14  Drone  
  96  6:20  Zergling x8  
  96  6:22  Overlord  
  96  6:24  Zergling x2  
  96  6:25  Zergling x6  
  104  6:28  Overlord  
  104  6:31  Spore Crawler  
  103  6:33  Zergling x2  
  103  6:35  Extractor  
  103  6:37  Zergling x4  
  105  6:41  Overlord  
  105  6:43  Zergling x10  
  105  6:44  Zergling x2  
  105  6:46  Zergling x2  
  112  6:49  Zergling x2  
  112  6:50  Zergling x4  
  112  6:51  Centrifugal Hooks  
  112  6:52  Queen  
  117  6:54  Zergling x2  
  117  6:56  Zergling x4  
  117  6:58  Zergling x2  
  121  7:02  Baneling x4  
  121  7:03  Baneling x2  
  121  7:04  Drone  
  121  7:06  Drone x2  
  121  7:08  Drone  
  125  7:12  Zergling x6  
  125  7:14  Drone  
  129  7:17  Drone  
  129  7:19  Overlord  
  129  7:20  Drone x2  
  132  7:27  Hatchery  
  124  7:30  Zergling x4  
  124  7:31  Zergling x12  
  124  7:33  Zergling x2  
  128  7:37  Zergling x2  
  128  7:39  Baneling x4  
  128  7:40  Zergling x2  
  128  7:41  Zergling x4  
  125  7:45  Drone x4  
  125  7:47  Zergling x2  
  125  7:50  Zergling x10  
  132  7:53  Zergling x2  
  132  7:57  Drone, Spore Crawler  
  130  8:01  Zergling x4  
  130  8:05  Zergling x2  
  132  8:11  Zergling x10  
  133  8:16  Drone x2  
  133  8:18  Drone  
  133  8:19  Drone x4  
  140  8:21  Drone x2  
  140  8:22  Overlord  
  140  8:24  Infestation Pit  
  140  8:26  Hatchery, Baneling x15  
  140  8:28  Overlord  
  140  8:30  Drone  
  140  8:31  Drone  
  142  8:39  Baneling x10  
  142  8:40  Zergling x6  
  142  8:41  Zergling x2  
  146  8:44  Zergling x10  
  146  8:46  Overlord  
  146  8:48  Zergling x8  
  155  8:50  Zergling x4  
  155  8:55  Zergling x4  
  158  9:04  Zergling x2  
  158  9:05  Zergling x10  
  158  9:09  Hydralisk Den  
Show
View Real Time Build Order
Export as new Build Order

BabyMarine Terran 

Build Orders: Reaper Expand 

Get SALT Encoding   

  12  0:00  SCV  
  13  0:12  SCV  
  14  0:16  Supply Depot  
  14  0:24  SCV  
  15  0:38  SCV  
  15  0:39  Barracks  
  16  0:43  Refinery  
  16  0:50  SCV  
  17  1:02  SCV  
  18  1:14  SCV  
  19  1:27  Orbital Command, Reaper  
  20  1:41  Command Center  
  20  1:49  Supply Depot  
  20  1:53  SCV  
  21  1:59  Marine  
  22  2:06  SCV  
  23  2:13  Factory  
  22  2:17  Marine  
  22  2:19  SCV  
  24  2:32  SCV  
  24  2:35  Barracks Reactor  
  25  2:43  Command Center  
  25  2:46  SCV  
  26  2:54  Orbital Command  
  26  3:02  Starport  
  26  3:05  SCV  
  27  3:20  SCV, Refinery  
  27  3:21  SCV  
  27  3:22  Hellion  
  27  3:25  Hellion  
  33  3:32  SCV  
  33  3:33  SCV  
  35  3:40  Viking  
  37  3:43  Hellion  
  37  3:46  SCV, Hellion  
  42  3:49  SCV  
  42  3:51  Barracks Tech Lab  
  43  3:55  Orbital Command  
  43  4:01  SCV x2  
  45  4:05  Hellion  
  45  4:08  Hellion  
  49  4:13  Supply Depot  
  49  4:18  Liberator  
  49  4:19  SCV x2  
  54  4:26  Hellion  
  54  4:28  SCV  
  54  4:29  Hellion  
  59  4:33  SCV x2  
  59  4:34  Stimpack  
  61  4:40  SCV  
  61  4:45  SCV, Supply Depot  
  63  4:49  Supply Depot  
  63  4:52  Barracks  
  63  4:55  Barracks  
  63  4:56  SCV  
  64  5:00  SCV  
  64  5:02  Factory Reactor  
  64  5:03  Starport Reactor  
  64  5:05  SCV, Factory Tech Lab  
  64  5:13  Supply Depot  
  64  5:15  Supply Depot  
  64  5:17  Orbital Command, Engineering Bay  
  64  5:18  Engineering Bay  
  64  5:19  SCV x2  
  64  5:20  Refinery  
  64  5:21  Refinery  
  66  5:23  Siege Tank  
  66  5:24  Marine  
  70  5:31  SCV x2  
  72  5:42  Marine  
  72  5:43  SCV  
  72  5:45  Terran Infantry Weapons Level 1, Terran Infantry Armor Level 1  
  72  5:47  Barracks, SCV  
  72  5:48  Barracks, Starport Reactor  
  75  5:50  Marine x2  
  75  5:51  Marine  
  75  5:53  Marine  
  75  5:54  SCV  
  80  5:58  Siege Tank  
  83  6:05  Marine  
  83  6:08  Marine x2  
  87  6:11  SCV x3  
  87  6:15  Marine, Supply Depot  
  87  6:16  Supply Depot  
  87  6:17  Combat Shield  
  90  6:19  Marine  
  91  6:26  Marine, Medivac x2  
  91  6:29  SCV x2  
  91  6:30  SCV  
  99  6:36  Marine  
  99  6:38  Armory  
  100  6:41  SCV  
  100  6:42  Marine x2  
  100  6:45  SCV, Supply Depot  
  102  6:48  Barracks Reactor  
  102  6:50  Barracks Reactor  
  102  6:51  Marine x2  
  102  6:54  Marine  
  104  6:59  Siege Tank  
  104  7:00  SCV x2, Marine x2  
  112  7:02  SCV  
  113  7:09  Marine x2  
  113  7:10  Supply Depot  
  113  7:11  Marine  
  113  7:12  SCV x2  
  113  7:14  SCV  
  119  7:18  Marine x2  
  121  7:24  SCV x2  
  121  7:26  SCV, Marine  
  121  7:27  Marine  
  121  7:29  Marine x2  
  116  7:30  Marine x2  
  116  7:31  Marine  
  116  7:35  Marine  
  116  7:36  Marine, SCV x2  
  119  7:39  Siege Tank  
  119  7:40  Medivac x2  
  119  7:43  SCV  
  110  7:44  Marine x2  
  110  7:47  Marine x2  
  110  7:48  SCV  
  110  7:55  Marine  
  110  7:56  SCV  
  110  8:03  Marine x4  
  110  8:04  Marine x2  
  112  8:06  SCV x2  
  112  8:11  SCV  
  115  8:18  SCV x2  
  115  8:19  Marine x3  
  115  8:21  Marine  
  115  8:25  Siege Tank  
  119  8:28  SCV  
  119  8:29  Marine  
  119  8:30  SCV x2  
  123  8:37  Marine x2  
  123  8:40  Factory  
  125  8:43  Marine x2, SCV  
  125  8:45  Supply Depot  
  125  8:47  Marine  
  129  8:54  SCV x2  
  133  9:08  Supply Depot  
  133  9:09  Supply Depot  
  120  9:10  Supply Depot  
Tags
 
Add a new tag
Caveats
  • Supply blocks, unpowered buildings, or Contaminate may cause inaccurate times.
  • Supply counts are checked every 10 seconds.